 Dungeon Crawl Stone Soup version 0.17.2-1-ge4368a0 (webtiles) character file.

19807 4thArraOfDagon the Martial Artist (level 12, -1/58 HPs)
             Began as a Vine Stalker Monk on Aug 15, 2016.
             Was a Believer of Ashenzari.
             Slain by a six-headed hydra (4 damage)
             ... on level 15 of the Dungeon.
             The game lasted 00:25:56 (3955 turns).

4thArraOfDagon the Martial Artist (VSMo)            Turns: 3955, Time: 00:25:56

Health: -1/58      AC:  5    Str: 13    XL:     12   Next: 72%
Magic:  0/22       EV: 14    Int: 13    God:    Ashenzari [**....]
Gold:   354        SH: 18    Dex: 20    Spells: 0 memorised, 11 levels left

rFire  . . .     SeeInvis .       - Unarmed
rCold  . . .     Clarity  .     w - +0 troll leather armour (curse)
rNeg   . . .     SustAt   .     m - +0 large shield (curse)
rPois  .         Gourm    .     k - +2 hat {MR+} (curse)
rElec  .         Spirit   +     (no cloak)
rCorr  .         Warding  .     p - +0 pair of gloves
rMut   .         Stasis   .     (no boots)
MR     ++...                    (no amulet)
Stlth  ++........               n - ring of magical power (curse)
                                (no ring)

@: very resistant to hostile enchantments, unstealthy
A: fangs 3, deformed body, regeneration 3, magic shield, antimagic bite, no
device heal 3, rot immunity
a: Scrying, Renounce Religion


You were on level 15 of the Dungeon.
You worshipped Ashenzari.
Ashenzari was pleased with you.
You were not hungry.

You visited 1 branch of the dungeon, and saw 15 of its levels.
You also visited: Labyrinth.

You collected 354 gold pieces.

Inventory:

Hand Weapons
 B - a +0 hand axe
Armour
 a - a +0 robe
 h - a +0 helmet
 k - a cursed +2 hat of magic resistance (worn)
 m - a cursed +0 large shield (worn)
 p - a +0 pair of gloves (worn)
 w - a cursed +0 troll leather armour (worn)
Magical Staves
 E - an uncursed staff of summoning
Jewellery
 i - a +5 ring of dexterity
 j - an uncursed ring of ice
 n - a cursed ring of magical power (right hand)
 A - an uncursed ring of wizardry
 C - an uncursed ring of flight
Wands
 r - a wand of draining (0)
 u - a wand of lightning (0)
 v - a wand of paralysis (0)
 x - a wand of polymorph (6)
Scrolls
 d - 2 scrolls of noise
 f - 2 scrolls of remove curse
 l - a scroll of magic mapping
 t - a scroll of curse weapon
 y - a scroll of curse jewellery
Potions
 e - 3 potions of flight
 g - 2 potions of ambrosia
 o - a potion of curing
 z - a potion of berserk rage {unknown}
Books
 c - an Akashic Record

   Spells                             Type                      Level
   a - Dispersal                      Translocation                6
   b - Malign Gateway                 Summoning/Translocation      7
   c - Disjunction                    Translocation                8
   d - Controlled Blink               Translocation                8
 q - the Handbook of Feathers and Battle Magic
   (You found it in a labyrinth)

   Spells                             Type                      Level
   a - Shock                          Conjuration/Air              1
   b - Lightning Bolt                 Conjuration/Air              5
   c - Silence                        Hexes/Air                    5
   d - Conjure Ball Lightning         Conjuration/Air              6
   e - Freezing Cloud                 Conjuration/Ice/Air          6
   f - Tornado                        Air                          9
 s - a Young Poisoner's Handbook

   Spells                             Type                      Level
   a - Sting                          Conjuration/Poison           1
   b - Cure Poison                    Poison                       2
   c - Mephitic Cloud                 Conjuration/Poison/Air       3
   d - Olgreb's Toxic Radiance        Poison                       4
   e - Venom Bolt                     Conjuration/Poison           5
 F - a book of Power

   Spells                             Type                      Level
   a - Fulminant Prism                Conjuration/Hexes            4
   b - Iskenderun's Mystic Blast      Conjuration                  4
   c - Venom Bolt                     Conjuration/Poison           5
   d - Bolt of Magma                  Conjuration/Fire/Earth       5
   e - Iron Shot                      Conjuration/Earth            6
   f - Orb of Destruction             Conjuration                  7
   g - Spellforged Servitor           Conjuration/Summoning        7
Comestibles
 b - 6 bread rations
 D - a meat ration


   Skills:
 - Level 4.1 Fighting
 - Level 6.0 Dodging
 - Level 2.7 Stealth
 * Level 11.1(12.4) Shields
 + Level 14.8 Unarmed Combat


You had 11 spell levels left.
You didn't know any spells.

Dungeon Overview and Level Annotations

Branches:
Dungeon (15/15)              Lair (0/8) D:11         Vaults (0/5) D:14
 Depths (0/5) D:15
 Temple: D:4-7          Orc: D:9-12

Altars:
Ashenzari
Fedhas
Gozag
Ru
Trog
Vehumet
Zin
The Shining One

Shops:
D:11 =

Annotations:
D:9 Erica
D:13 exclusion: upstairs


Innate Abilities, Weirdness & Mutations

You have razor-sharp teeth.
You regenerate.
When hurt, damage is shared between your health and your magic reserves.
Your bite disrupts and absorbs the magic of your enemies.
Potions and wands cannot restore your health.
You are immune to rotting.
Armour fits poorly on your strangely shaped body.


Message History

Unknown command.
Items here: : [ | ÷ a +0 robe; an uncursed twisted glowing staff; a papyrus book a merfolk skeleton Unknown command.
E - an uncursed staff of summoning;
F - a book of Power The minotaur hits you with a trident!
You block the minotaur's attack.
The minotaur hits you from afar with a trident!!
* * * LOW HITPOINT WARNING * * *
There is an escape hatch in the ceiling, spattered with blood here.
Unknown command.
The minotaur hits you from afar with a trident!!
* * * LOW HITPOINT WARNING * * *
Welcome back to the Dungeon! x2
The six-headed hydra roars!
The six-headed hydra closely misses you.
The six-headed hydra misses you.
You block the six-headed hydra's attack.
The six-headed hydra bites you.
You die...

,,,**,*,,**,,,,,**,***,,,* **,**
,,,,,,,,,,,,,,,,**,* ***,* *,*
,,,,,,,,,**,,,,,**,******* *,*
,,,,,,,,,***,,,###**,*,,* ****,**
**,**,**,* #,,,..#*,,,,,***,,**,,
**,**,**,###.**#.##*,**,,*,,,,**,
**,**,,,,,...* #..#{,***,,,,,,,+,
,,,,,***,**#.###D#*,,,,***,,,,***
,,,,,,,..###....@#****,****,,***
**,,,,,........### **,,,******,*
*,*,**#######.# **,,,,,***,*,**
*,*,* ###.# *{,,,,,,**,*,,, *,*,*
#...# **,,,,,***,,,,, **,*,*
#.### ***>*** *****, ,,,*,* #.#
**** *, ****,* #†# *,* *, ,,,,,*
###.########,* **,


You could see a six-headed hydra.

Vanquished Creatures
  Gastronok (D:9)
  A tengu warrior (D:15)
  A centaur warrior (D:14)
  6 hill giants
  A wizard (D:14)
  An orc knight (D:15)
  8 ugly things
  A cyclops (D:11)
  2 manticores (D:15)
  An elephant (D:11)
  The ghost of pedritolo the Jinx, a novice SpEn of Ashenzari (D:5)
  2 kobold demonologists (D:11)
  3 two-headed ogres (D:14)
  3 trolls
  A deep elf mage (D:13)
  A hog (D:13)
  A hippogriff (D:11)
  6 yaks
  4 hungry ghosts
  A water moccasin (D:11)
  A phantom (D:12)
  2 ice beasts
  A sky beast (D:13)
  2 orc warriors
  11 centaurs
  2 eyes of draining (D:12)
  2 crocodiles (D:11)
  4 ogres
  8 giant frogs
  A big kobold (D:11)
  A wyvern zombie (D:11)
  2 scorpions
  6 killer bees
  A hound (D:14)
  2 centaur zombies
  2 crimson imps
  A giant frog skeleton (D:10)
  An iguana (D:6)
  A jelly (D:8)
  3 centaur skeletons
  A gnoll shaman (D:10)
  An orc priest (D:12)
  3 orc wizards
  6 worker ants
  A hound zombie (D:10)
  2 hound skeletons (D:10)
  5 gnolls (D:10)
  An adder (D:3)
  2 shadow imps
  13 orcs
  2 bat zombies (D:9)
  4 jackals (D:3)
  3 quokkas
  2 bats
  2 giant newts (D:1)
  3 goblins
  4 kobolds
  3 rats
158 creatures vanquished.

Vanquished Creatures (others)
  A centaur (D:11)
1 creature vanquished.

Grand Total: 159 creatures vanquished

Notes
Turn   | Place    | Note
--------------------------------------------------------------
     0 | D:1      | 4thArraOfDagon the Vine Stalker Monk began the quest for the Orb.
     0 | D:1      | Reached XP level 1. HP: 11/11 MP: 2/2
   277 | D:3      | Reached XP level 2. HP: 10/16 MP: 3/3
   282 | D:3      | Found a blossoming altar of Fedhas.
   348 | D:3      | Reached XP level 3. HP: 11/19 MP: 2/4
   540 | D:5      | Entered Level 5 of the Dungeon
   578 | D:5      | Noticed pedritolo's ghost (novice SpEn)
   603 | D:5      | Killed pedritolo's ghost
   603 | D:5      | Reached skill level 5 in Unarmed Combat
   603 | D:5      | Reached XP level 4. HP: 14/25 MP: 5/5
   603 | D:5      | Reached XP level 5. HP: 16/29 MP: 6/6
   603 | D:5      | Gained mutation: You heal very quickly. [Vine Stalker growth]
   603 | D:5      | Reached XP level 6. HP: 18/33 MP: 7/7
   778 | D:6      | Reached skill level 6 in Unarmed Combat
   778 | D:6      | Reached XP level 7. HP: 15/37 MP: 8/8
   782 | D:6      | Noticed a hungry ghost
   823 | D:6      | Killed a hungry ghost
   960 | D:7      | Reached skill level 5 in Dodging
  1025 | D:8      | Noticed a hungry ghost
  1052 | D:7      | Reached skill level 7 in Unarmed Combat
  1052 | D:7      | Gained mutation: You have razor-sharp teeth. [Vine Stalker growth]
  1052 | D:7      | Reached XP level 8. HP: 28/42 MP: 9/9
  1124 | D:9      | Found a bloodstained altar of Trog.
  1124 | D:9      | Found a shattered altar of Ashenzari.
  1125 | D:9      | Found a blossoming altar of Fedhas.
  1126 | D:9      | Found a glowing silver altar of Zin.
  1126 | D:9      | Found an opulent altar of Gozag.
  1126 | D:9      | Found a radiant altar of Vehumet.
  1127 | D:9      | Found a sacrificial altar of Ru.
  1149 | D:9      | Found a glowing golden altar of the Shining One.
  1152 | D:9      | Became a worshipper of Ashenzari the Shackled
  1152 | D:9      | Reached * piety under Ashenzari
  1152 | D:9      | Reached ** piety under Ashenzari
  1169 | D:9      | Reached skill level 8 in Unarmed Combat
  1220 | D:9      | Noticed Erica
  1265 | D:9      | Noticed Gastronok
  1292 | D:9      | Killed Gastronok
  1292 | D:9      | Reached skill level 11 in Unarmed Combat
  1292 | D:9      | Reached XP level 9. HP: 45/45 MP: 10/10
  1336 | D:9      | Noticed a troll
  1354 | D:10     | Entered Level 10 of the Dungeon
  1499 | D:10     | Reached XP level 10. HP: 47/49 MP: 11/11
  1551 | D:10     | Noticed a hill giant
  1561 | D:10     | Killed a hill giant
  1561 | D:10     | Reached skill level 12 in Unarmed Combat
  1607 | D:10     | Drew Focus: Dex increased to 19, Int decreased to 12
  1654 | D:8      | Killed a hungry ghost
  1783 | D:10     | Reached skill level 1 in Shields
  1832 | D:10     | Noticed a centaur skeleton
  1839 | D:10     | Killed a centaur skeleton
  1854 | D:10     | Noticed a centaur skeleton
  1866 | D:10     | Killed a centaur skeleton
  1913 | D:11     | Found Jejudono's Jewellery Boutique.
  1913 | D:11     | Noticed a hill giant
  1916 | D:11     | Noticed a cyclops
  1927 | D:10     | Killed a hill giant
  1927 | D:10     | Reached skill level 13 in Unarmed Combat
  1975 | D:10     | Noticed a hill giant
  1995 | D:10     | Killed a hill giant
  2094 | D:10     | Reached skill level 5 in Shields
  2106 | D:10     | Reached XP level 11. HP: 53/53 MP: 12/12
  2216 | D:11     | Noticed a hill giant
  2256 | D:11     | Killed a hill giant
  2274 | D:11     | Found a staircase to the Lair.
  2274 | D:11     | Noticed an elephant
  2316 | D:11     | Killed an elephant
  2473 | D:11     | Killed a cyclops
  2628 | D:12     | Noticed a seven-headed hydra
  2908 | D:13     | Reached skill level 14 in Unarmed Combat
  3048 | D:13     | Noticed a centaur warrior
  3060 | D:14     | Noticed a hill giant
  3065 | D:14     | Noticed a wizard
  3075 | D:14     | Killed a hill giant
  3077 | D:14     | Gained mutation: You regenerate. [Vine Stalker growth]
  3077 | D:14     | Reached XP level 12. HP: 29/58 MP: 13/13
  3077 | D:14     | Paralysed by something for 3 turns
  3091 | D:14     | Killed a wizard
  3097 | D:14     | Found a gate to the Vaults.
  3122 | D:14     | Noticed a hill giant
  3133 | D:14     | Noticed a centaur warrior
  3140 | D:14     | Killed a centaur warrior
  3212 | D:14     | Reached skill level 10 in Shields
  3218 | D:13     | Noticed a catoblepas
  3255 | D:14     | Gained mutation: Armour fits poorly on your strangely shaped body. [mutagenic meat]
  3294 | D:15     | Entered Level 15 of the Dungeon
  3294 | D:15     | Noticed a tengu warrior
  3304 | D:15     | Killed a tengu warrior
  3459 | D:15     | Noticed a six-headed hydra
  3504 | D:15     | Found a labyrinth entrance.
  3508 | Lab      | Entered a labyrinth
  3913 | Lab      | Noticed a minotaur
  3943 | Lab      | Identified the Handbook of Feathers and Battle Magic (You found it in a labyrinth)
  3954 | Lab      | HP: 2/58 [minotaur/trident (15)]
  3955 | D:15     | Slain by a six-headed hydra

Action                   |  1- 3 |  4- 6 |  7- 9 | 10-12 || total
-------------------------+-------+-------+-------+-------++-------
Melee: Unarmed           |    70 |    27 |   150 |   558 ||   805
Evoke: Wand              |       |       |    10 |    25 ||    35
       Deck              |       |       |       |     7 ||     7
  Use: Potion            |     3 |       |     2 |     3 ||     8
       Scroll            |       |     4 |     7 |    12 ||    23
 Stab: Sleeping          |     3 |     1 |     2 |     4 ||    10
       Distracted        |       |       |       |     2 ||     2
       Invisible         |       |       |       |     4 ||     4
       Paralysed         |       |       |       |    22 ||    22
  Eat: Pizza             |       |       |     2 |       ||     2
       Chunk             |       |       |     2 |     5 ||     7
       Beef jerky        |       |       |       |     2 ||     2
       Bread ration      |       |       |       |     1 ||     1
       Meat ration       |       |       |       |     1 ||     1
